[Event "Masters Tournament (MTO)"]
[Site "Biel, Switzerland"]
[Date "2026.07.15"]
[Round "3.1"]
[White "Ganguly, Surya Shekhar"]
[Black "Lu, Miaoyi"]
[Result "1/2-1/2"]
[TimeControl "100+30+30sec/move"]
[WhiteTitle "-"]
[BlackTitle "-"]
[WhiteFideId "5002150"]
[BlackFideId "8618020"]
[WhiteElo "2578"]
[BlackElo "2392"]

1. c4 Nf6 2. Nc3 e5 3. Nf3 Nc6 4. g3 Bb4 5. Nd5 e4 6. Nxb4 Nxb4 7. Nd4 Ng4 8. Bh3 Qf6 9. Bxg4 Qxd4 10.
Qb3 a5 11. O-O h5 12. Bh3 h4 13. Qc3 Nc6 14. Kg2 d6 15. Bxc8 Rxc8 16. b3 Qxc3 17. dxc3 b6 18. a4 h3+ 19.
Kg1 f5 20. f3 O-O 21. Bf4 Rce8 22. Kf2 Re6 23. Rg1 Rfe8 24. Ra2 exf3 25. exf3 Ne5 1/2-1/2

[Event "Masters Tournament (MTO)"]
[Site "Biel, Switzerland"]
[Date "2026.07.15"]
[Round "3.2"]
[White "Savitha, Shri B"]
[Black "Acs, Peter"]
[Result "0-1"]
[TimeControl "100+30+30sec/move"]
[WhiteTitle "-"]
[BlackTitle "-"]
[WhiteFideId "35061887"]
[BlackFideId "708020"]
[WhiteElo "2368"]
[BlackElo "2561"]

1. e4 c5 2. Nf3 d6 3. d4 cxd4 4. Nxd4 Nf6 5. Nc3 Nc6 6. Bg5 Bd7 7. Qd2 a6 8. O-O-O e6 9. Kb1 h6 10.
Be3 b5 11. Nxc6 Bxc6 12. f3 Qc7 13. Ne2 Be7 14. Nd4 Bb7 15. g4 Nd7 16. g5 hxg5 17. Bxg5 Ne5 18. Rg1 g6 19. f4 Bxg5 20.
Rxg5 Nc4 21. Bxc4 bxc4 22. f5 gxf5 23. Rg7 c3 24. Qe3 Bxe4 25. Nxe6 Qe7 26. Nd4 Rc8 27. Rdg1 cxb2 28. Qb3 Qf6 29.
Qb6 Kd7 30. R1g6 Qxg6 31. Rxg6 fxg6 32. Qb3 Rhe8 33. Qf7+ Re7 34. Qxg6 Rb8 35. Nb3 a5 36. Qg1 Re5 37. Qg7+ Kc6 38. Qa7 Rb7 39. Qa6+ Kd7 40. Kxb2 f4 41.
Ka3 f3 42. Qf1 Bc6 43. Qh3+ Kc7 44. Qh7+ Bd7 45. Qf7 Rf5 46. Qc4+ Kb8 47. Nd4 Rc5 48. Qg8+ Ka7 49. Qg1 Ka8 50.
Qe3 Rc4 51. Nb3 Bc6 52. Qd3 Ra4+ 53. Kb2 Rb6 54. Qxd6 Ka7 55. Qc5 Bb7 56. h4 Rf4 57. Kc3 f2 58. Nd2 f1=Q 59. Nxf1 Rxf1 60.
Qxa5+ Ba6 61. Qc5 Rff6 62. Kd2 Rfd6+ 63. Kc1 Kb7 64. Qe5 Bc4 65. Qe4+ Bd5 66. Qe7+ Kc8 67. Qf8+ Kc7 68. Qe7+ Rd7 69.
Qe5+ Kb7 70. Qf5 Rdd6 71. Qh7+ Kc6 72. Qa7 Rb7 73. Qa4+ Kc7 74. Qa3 Rbb6 75. h5 Kb8 76. Qa4 Kb7 77.
Qa3 Bc4 78. Qf3+ Ka7 79. Qa3+ Kb8 80. Qa4 Rbc6 81. Kb2 Bf7 82. Kc1 Ra6 83. Qb4+ Rab6 84. Qa5 Kb7 85. c3 Rd5 86. Qa3 Bxh5 87.
Qe7+ Ka6 88. Qf8 Rbd6 89. Qa8+ Kb6 90. Qb8+ Kc5 91. Qb4+ Kc6 92. Qa4+ Kb6 93. Qb4+ Kc7 94. Qf4 Bg6 95.
Qc4+ Kb7 96. Qb4+ Rb6 97. Qe7+ Kc8 98. Qf8+ Kc7 99. Qe7+ Rd7 0-1

[Event "Masters Tournament (MTO)"]
[Site "Biel, Switzerland"]
[Date "2026.07.15"]
[Round "3.3"]
[White "Ghosh, Diptayan"]
[Black "Cao, Qingfeng"]
[Result "1/2-1/2"]
[TimeControl "100+30+30sec/move"]
[WhiteTitle "-"]
[BlackTitle "-"]
[WhiteFideId "5045207"]
[BlackFideId "8627568"]
[WhiteElo "2554"]
[BlackElo "2365"]

1. Nf3 Nf6 2. c4 b6 3. g3 c5 4. Bg2 Bb7 5. O-O g6 6. d4 cxd4 7. Qxd4 Bg7 8. Nc3 Na6 9. Be3 Rc8 10. Qh4 Nc5 11. Rfd1 O-O 12. Rac1 Nce4 13. Nxe4 Bxe4 14.
Bd4 Re8 15. b3 Qc7 16. Bh3 Ba8 17. Be5 Qb7 18. Qf4 Rcd8 19. Bg2 Nh5 20. Qe3 Qe4 21. Qxe4 Bxe4 22. Bxg7 Kxg7 23. Nd4 Bxg2 24.
Kxg2 d6 25. Nb5 1/2-1/2

[Event "Masters Tournament (MTO)"]
[Site "Biel, Switzerland"]
[Date "2026.07.15"]
[Round "3.4"]
[White "Dong, Hongfu"]
[Black "Aronyak, Ghosh"]
[Result "1/2-1/2"]
[TimeControl "100+30+30sec/move"]
[WhiteTitle "-"]
[BlackTitle "-"]
[WhiteFideId "8626960"]
[BlackFideId "25072846"]
[WhiteElo "2353"]
[BlackElo "2549"]

1. e4 c6 2. d4 d5 3. e5 Bf5 4. h4 h5 5. c4 e6 6. Nc3 Ne7 7. Nge2 Nd7 8. Ng3 Bg6 9. Bg5 f6 10.
exf6 gxf6 11. Be3 Nb6 12. b3 Nf5 13. Bd3 Bb4 14. Rc1 Qd7 15. c5 Nc8 16. Bxf5 Bxf5 17. Nxf5 exf5 18. O-O Kf7 19.
Ne2 Ne7 20. Bd2 Bxd2 21. Qxd2 Ng6 22. Nf4 Nxh4 23. Rfe1 Ng6 24. Re2 Rae8 25. Rxe8 Rxe8 26. Nxh5 Rh8 27. Nf4 Qc7 28. Nh3 Rh4 29.
Re1 Nf4 30. Nxf4 Qxf4 31. Qxf4 Rxf4 32. Rd1 Re4 1/2-1/2

[Event "Masters Tournament (MTO)"]
[Site "Biel, Switzerland"]
[Date "2026.07.15"]
[Round "3.5"]
[White "Haimovich, Tal"]
[Black "Kozak, Adam"]
[Result "1/2-1/2"]
[TimeControl "100+30+30sec/move"]
[WhiteTitle "-"]
[BlackTitle "-"]
[WhiteFideId "2801698"]
[BlackFideId "753246"]
[WhiteElo "2310"]
[BlackElo "2531"]

1. d4 Nf6 2. c4 e6 3. Nf3 d5 4.
Nc3 c6 5. Bg5 h6 6. Bxf6 Qxf6 7. a3 dxc4 8. e3 b5 9. Ne5 a6 10. f4 g6 11. Be2 Bg7 12. O-O O-O 13. Bf3 Qe7 14.
Ne4 Ra7 15. b3 cxb3 16. Qxb3 Rd8 17. Rfc1 Bd7 18. Nc5 Be8 19. Be4 a5 20. Ra2 Rd6 21. Rac2 Kh7 22. Qd3 Kg8 23. Qb3 Kh7 1/2-1/2

[Event "Masters Tournament (MTO)"]
[Site "Biel, Switzerland"]
[Date "2026.07.15"]
[Round "3.6"]
[White "Balabayeva, Xeniya"]
[Black "Alexakis, Dimitris"]
[Result "1/2-1/2"]
[TimeControl "100+30+30sec/move"]
[WhiteTitle "-"]
[BlackTitle "-"]
[WhiteFideId "13719688"]
[BlackFideId "4277023"]
[WhiteElo "2302"]
[BlackElo "2525"]

1. d4 Nf6 2. c4 e6 3. Nc3 Bb4 4. Nf3 Bxc3+ 5. bxc3 d6 6. Qc2 Qe7 7. e4 e5 8. Bd3 Bg4 9. Nd2 Nc6 10.
f3 Bd7 11. Nb3 Nh5 12. O-O O-O 13. f4 exf4 14. Bxf4 Nxf4 15. Rxf4 b6 16. Raf1 Rae8 17. Nc1 Nd8 18. Ne2 Ne6 19.
R4f2 c5 20. Nf4 cxd4 21. Nxe6 fxe6 22. e5 h6 23. Bh7+ Kh8 24. Bg6 Rd8 25. exd6 Qxd6 26. Rxf8+ Rxf8 27. Rxf8+ Qxf8 28. cxd4 e5 29. d5 Qd6 30. h4 Kg8 31.
h5 Kf8 32. Qf2+ Qf6 33. Qe3 Ke7 34. c5 bxc5 35. Qxc5+ Qd6 36. Qxa7 Qxd5 37. Bf5 Qd1+ 38. Kh2 Qxh5+ 39. Bh3 Qd1 40.
a4 Qd4 41. Qc7 Qd6 42. Qxd7+ Qxd7 43. Bxd7 Kxd7 44. Kg3 h5 45. Kf3 g5 46. Ke4 g4 47. Kxe5 h4 48. Kf4 h3 49. gxh3 gxh3 1/2-1/2

[Event "Masters Tournament (MTO)"]
[Site "Biel, Switzerland"]
[Date "2026.07.15"]
[Round "3.7"]
[White "Pleschke, Julius Jonas"]
[Black "Shukhman, Anna"]
[Result "1/2-1/2"]
[TimeControl "100+30+30sec/move"]
[WhiteTitle "-"]
[BlackTitle "-"]
[WhiteFideId "54734258"]
[BlackFideId "54180058"]
[WhiteElo "2280"]
[BlackElo "2443"]

1. d4 d5 2. c4 e6 3. Nf3 Nf6 4. Nc3 Nbd7 5. Bg5 Bb4 6. cxd5 exd5 7. Qc2 c6 8. e3 O-O 9. Bd3 h6 10.
Bh4 Re8 11. O-O Nf8 12. Ne5 Qd6 13. a3 Bxc3 14. Qxc3 Ne4 15. Qc2 f6 16. Nc4 Qe7 17. Nd2 Bf5 18. Rfe1 Bh7 19. Rad1 Nxd2 20.
Bxh7+ Nxh7 21. Qxd2 Qe4 22. Bg3 Ng5 23. f3 Qg6 24. Qd3 f5 25. Kh1 Nf7 26. b4 a6 27. a4 Re6 28. Rc1 Rae8 29.
b5 axb5 30. axb5 Qg5 31. Bf2 Rg6 32. Qf1 Qd8 33. Qd3 Qd7 34. Bg3 Rf6 35. bxc6 bxc6 36. Ra1 g6 37. e4 dxe4 38. fxe4 Rfe6 39.
exf5 Rxe1+ 40. Bxe1 gxf5 41. Bf2 Qd5 42. Rc1 Ng5 43. Qc4 Re6 44. Kg1 Kf7 45. Qxd5 cxd5 46. Bg3 Re4 47. Rc7+ Kg6 48.
Be5 Ne6 49. Rd7 Nxd4 50. Rxd5 Ne6 51. Bd6 Ng5 52. Rd1 Re2 53. Bf4 Ne4 54. Ra1 h5 55. h3 Nc5 56. Ra5 Nd3 57. Ra6+ Kf7 58. Bg5 Re6 1/2-1/2

[Event "Masters Tournament (MTO)"]
[Site "Biel, Switzerland"]
[Date "2026.07.15"]
[Round "3.8"]
[White "Baenziger, Fabian"]
[Black "Georgescu, Lena"]
[Result "1/2-1/2"]
[TimeControl "100+30+30sec/move"]
[WhiteTitle "-"]
[BlackTitle "-"]
[WhiteFideId "1330110"]
[BlackFideId "1331973"]
[WhiteElo "2435"]
[BlackElo "2253"]

1. e4 e5 2. Nf3 Nc6 3. Bc4 Nf6 4. d3 Bc5 5. Nc3 h6 6. h3 a6 7. Be3 d6 8. a4 Bxe3 9. fxe3 Be6 10.
Nd2 Bxc4 11. Nxc4 d5 12. exd5 Nxd5 13. O-O O-O 14. e4 Nxc3 15. bxc3 b5 16. Ne3 Ne7 17. Qh5 Ng6 18. axb5 axb5 19. Rxa8 Qxa8 20. Nf5 Qd8 21. Qg4 Qg5 22. Qxg5 hxg5 23. Ra1 Nf4 24. Kf2 g6 25.
Ne7+ Kg7 26. Ra7 c5 27. Nc6 Kf6 28. Kf3 Rc8 29. Ra6 Ne6 30. g3 b4 31. cxb4 cxb4 32. Nxb4 Kg7 33. Ra2 Nd4+ 34.
Kg2 Rc3 35. Kf2 Rc8 36. Rb2 Rc7 37. Ke3 Rc8 38. Kf2 Rc7 39. Ra2 Rc8 40. Rb2 1/2-1/2

[Event "Masters Tournament (MTO)"]
[Site "Biel, Switzerland"]
[Date "2026.07.15"]
[Round "3.9"]
[White "Gopal, G.N."]
[Black "Schnell, Simon"]
[Result "1-0"]
[TimeControl "100+30+30sec/move"]
[WhiteTitle "-"]
[BlackTitle "-"]
[WhiteFideId "5015693"]
[BlackFideId "1345311"]
[WhiteElo "2529"]
[BlackElo "2211"]

1. e4 c6 2. d4 d5 3. e5 Bf5 4. Nd2 e6 5. Nb3 a6 6. Be3 Nd7 7. Nf3 Rc8 8. Be2 c5 9. c3 cxd4 10.
Nfxd4 Bg6 11. f4 Ne7 12. Bg4 Nc6 13. O-O Nxd4 14. Nxd4 Bc5 15. Kh1 O-O 16. Bxe6 Bxd4 17. Bxd7 Bxe3 18.
Bxc8 Qxc8 19. Qf3 Bd3 20. Rfd1 Bc2 21. Qxe3 Bxd1 22. Rxd1 Qc4 23. a3 h6 24. h3 Re8 25. Rd4 Qf1+ 26.
Kh2 Rd8 27. c4 Rc8 28. e6 1-0

[Event "Masters Tournament (MTO)"]
[Site "Biel, Switzerland"]
[Date "2026.07.15"]
[Round "3.10"]
[White "Gloeckler, Christian"]
[Black "Ivana Maria, Furtado"]
[Result "1-0"]
[TimeControl "100+30+30sec/move"]
[WhiteTitle "-"]
[BlackTitle "-"]
[WhiteFideId "34608966"]
[BlackFideId "5048400"]
[WhiteElo "2506"]
[BlackElo "2182"]

1. e4 e5 2. Nf3 Nf6 3. d4 Nxe4 4. Bd3 d5 5. Nxe5 Bd6 6. O-O O-O 7. c4 Bxe5 8. dxe5 Nc6 9. cxd5 Qxd5 10.
Qc2 Nb4 11. Bxe4 Nxc2 12. Bxd5 Bf5 13. g4 Bxg4 14. Be4 Nxa1 15. Bf4 f5 16. Bd5+ Kh8 17. Rc1 Rad8 18. Nc3 c6 19. Bg2 h6 20.
Rxa1 g5 21. Be3 f4 22. Bc5 Rf7 23. Ne4 f3 24. Bf1 b5 25. Bd6 Be6 26. Nc5 Bd5 27. a4 b4 28. Rd1 Rf4 29. h3 Kg8 30.
Rd2 g4 31. Rxd5 cxd5 32. Ne6 Rff8 33. Nxf8 Rxf8 34. Bxf8 Kxf8 35. hxg4 Ke7 36. Bh3 1-0

[Event "Masters Tournament (MTO)"]
[Site "Biel, Switzerland"]
[Date "2026.07.15"]
[Round "3.11"]
[White "Cervelli, Eduard"]
[Black "Elmi, Saad Abobaker"]
[Result "0-1"]
[TimeControl "100+30+30sec/move"]
[WhiteTitle "-"]
[BlackTitle "-"]
[WhiteFideId "1351800"]
[BlackFideId "1553259"]
[WhiteElo "2197"]
[BlackElo "2399"]

1. e4 c5 2. Nf3 e6 3. d4 cxd4 4. Nxd4 Nc6 5. Be2 Qc7 6. Nc3 Nf6 7. Ndb5 Qb8 8. f4 a6 9. e5 axb5 10.
exf6 gxf6 11. Nxb5 Bc5 12. c3 d5 13. b4 Bb6 14. a4 Bd7 15. a5 Ne7 16. Ra3 Ba7 17. c4 Bxb5 18. cxb5 Qd6 19.
Qd2 Rg8 20. b6 Bb8 21. O-O Nc6 22. Bb5 Ke7 23. Bxc6 Qxc6 24. f5 d4 25. fxe6 fxe6 26. b5 Qxb5 27. Qh6 Rf8 28. Rxf6 Rxf6 29.
Qg7+ Rf7 30. Bg5+ Kd6 31. Qxf7 Qxg5 32. Qxb7 Qc1+ 33. Kf2 Qxa3 34. Qxa8 Qe3+ 35. Kf1 Qf4+ 36. Ke2 Kc5 37. a6 Qe3+ 38.
Kf1 d3 39. Qxb8 Qe2+ 40. Kg1 Qe1# 0-1

[Event "Masters Tournament (MTO)"]
[Site "Biel, Switzerland"]
[Date "2026.07.15"]
[Round "3.12"]
[White "Tkhoruk, Roman"]
[Black "Arsenie, Cristian Marc"]
[Result "1-0"]
[TimeControl "100+30+30sec/move"]
[WhiteTitle "-"]
[BlackTitle "-"]
[WhiteFideId "34161589"]
[BlackFideId "1345923"]
[WhiteElo "1967"]
[BlackElo "2300"]

1. e4 c5 2. Nf3 d6 3. Bb5+ Nd7 4. O-O a6 5. Bd3 Ngf6 6. c3 b5 7. Bc2 Bb7 8. Re1 Qc7 9. d3 Rc8 10.
h3 g6 11. Bf4 Bg7 12. Qc1 O-O 13. Bh6 e5 14. Bxg7 Kxg7 15. c4 Nb6 16. b3 h6 17. Nc3 b4 18. Nd5 Nbxd5 19. exd5 Nh5 20.
g3 a5 21. Kg2 f5 22. Bd1 Nf6 23. Nh4 Rce8 24. Bc2 Bc8 25. f4 Kh7 26. Kh2 Rg8 27. Nf3 Nh5 28. Qd2 Qg7 29. h4 Nf6 30.
Kg2 e4 31. Ng1 e3 32. Qe2 Bb7 33. Nh3 Ng4 34. Rab1 Re7 35. Qf3 Rge8 36. Re2 Qd4 37. Rbe1 Nf6 38. Kh2 a4 39. Ng1 axb3 40.
axb3 Ra8 41. Qf1 Ng4+ 42. Kh3 Ree8 43. Nf3 Qc3 44. h5 Qf6 45. hxg6+ Qxg6 46. Nh4 Qh5 47. d4 Nf2+ 48. Kg2 cxd4 49.
Bxf5+ Kg7 50. Bg6 Bxd5+ 51. Kh2 Qg4 52. Bf5 Bf3 53. Bxg4 Nxg4+ 54. Kh3 Bxe2 55. Qxe2 Nf2+ 56. Kg2 d3 57.
Qh5 d2 58. Nf5+ Kf6 59. Rxe3 d1=Q 60. Qxh6+ Kxf5 61. Qg5# 1-0

[Event "Masters Tournament (MTO)"]
[Site "Biel, Switzerland"]
[Date "2026.07.15"]
[Round "3.13"]
[White "Coban, Ege"]
[Black "Nguyen, Thi Mai Hung"]
[Result "1/2-1/2"]
[TimeControl "100+30+30sec/move"]
[WhiteTitle "-"]
[BlackTitle "-"]
[WhiteFideId "26320304"]
[BlackFideId "12401676"]
[WhiteElo "1986"]
[BlackElo "2260"]

1. e4 e6 2. d4 d5 3. Nc3 Nf6 4. e5 Nfd7 5. Nce2 c5 6. c3 Nc6 7. Nf3 b5 8. a3 Qb6 9. Nf4 cxd4 10.
cxd4 Be7 11. h4 b4 12. Be3 Ba6 13. Ng5 Nd8 14. Rh3 h6 15. Qh5 Bxf1 16. Kxf1 Nf8 17. Nxf7 Nxf7 18. Rf3 bxa3 19.
bxa3 Rc8 20. Kg1 Qa6 21. Ng6 Nxg6 22. Qxg6 Rf8 23. Qxg7 Nd8 24. Qg6+ Kd7 25. Rxf8 Bxf8 26. Qh7+ Ke8 27.
Bxh6 Bxh6 28. Qxh6 Qd3 29. Qh8+ Kf7 30. Qf6+ Ke8 31. h5 Qxd4 32. Rf1 Qg4 33. h6 Qh5 34. Qh8+ Kd7 35. Qg7+ Qf7 36.
Rb1 Ke7 37. Qg5+ Ke8 38. Rb3 Qh7 39. Qf6 Qf7 40. Qh4 Rc4 41. Qg5 Qf4 42. Qg6+ Qf7 43. Qg5 Qf4 44. Qg8+ Kd7 45. Qg7+ Kc6 46.
Rb1 Rc1+ 47. Rxc1+ Qxc1+ 48. Kh2 Qf4+ 49. Kg1 Qc1+ 50. Kh2 Qf4+ 51. Kg1 Qc1+ 1/2-1/2

[Event "Masters Tournament (MTO)"]
[Site "Biel, Switzerland"]
[Date "2026.07.15"]
[Round "3.14"]
[White "Gireada, Daniel"]
[Black "Ling, Chenxuan"]
[Result "1/2-1/2"]
[TimeControl "100+30+30sec/move"]
[WhiteTitle "-"]
[BlackTitle "-"]
[WhiteFideId "1206451"]
[BlackFideId "30983118"]
[WhiteElo "2255"]
[BlackElo "2166"]

1. d4 Nf6 2. c4 e6 3. Nf3 d5 4.
Nc3 Bb4 5. Bg5 h6 6. Bxf6 Qxf6 7. e3 O-O 8. cxd5 exd5 9. Qb3 Bxc3+ 10. Qxc3 c6 11. Bd3 Bf5 12. O-O Bxd3 13. Qxd3 Nd7 14. Rac1 Qd6 15. Rfe1 Rfe8 16. Rc2 a5 17. Rce2 Re6 18.
h3 Rae8 19. Qc3 Ra8 20. e4 dxe4 21. Rxe4 Rxe4 22. Rxe4 Nf6 23. Re5 Nd5 24. Qe1 Qd7 25. Re4 a4 26. Ne5 Qd8 27. Nf3 Qd7 28.
a3 f6 29. Qe2 Kf8 30. Nh4 Re8 31. Ng6+ Kf7 32. Qh5 Kg8 33. Rxe8+ Qxe8 34. Qf5 Kf7 35. h4 Qe1+ 36. Kh2 Ne7 37. Nxe7 Qxe7 38. Qf4 Qe2 39. Qc7+ Kg6 40. Qxb7 Qxf2 41.
Qb4 Qxh4+ 42. Kg1 Qe4 43. Qxa4 c5 44. Qd1 cxd4 45. a4 d3 46. a5 Qe3+ 47. Kf1 Qf4+ 48. Ke1 Qe5+ 49. Kf1 Qf5+ 50.
Kg1 Qxa5 51. Qxd3+ Qf5 52. Qg3+ Kh7 53. b3 g5 54. Qc7+ Kg6 55. Qc4 Qe5 56. b4 h5 57. b5 g4 58.
Qd3+ f5 59. g3 h4 60. gxh4 Kh5 61. Qd8 1/2-1/2

[Event "Masters Tournament (MTO)"]
[Site "Biel, Switzerland"]
[Date "2026.07.15"]
[Round "3.15"]
[White "Sasikiran, Krishnan"]
[Black "Malli, Suvirr"]
[Result "1-0"]
[TimeControl "100+30+30sec/move"]
[WhiteTitle "-"]
[BlackTitle "-"]
[WhiteFideId "5004985"]
[BlackFideId "1341855"]
[WhiteElo "2546"]
[BlackElo "2120"]

1. d4 d5 2. c4 c6 3. Nf3 Nf6 4. g3 Bg4 5. Bg2 e6 6. Nc3 Nbd7 7. cxd5 exd5 8. O-O Be7 9. Ne1 h6 10.
f3 Bh5 11. Nd3 Bg6 12. Nf4 Bh7 13. e4 g5 14. Nd3 Qb6 15. Be3 O-O-O 16. e5 Ne8 17. f4 gxf4 18. Nxf4 Nc7 19. Rf2 a6 20.
Rc1 Kb8 21. Na4 Qa7 22. Nd3 Ne6 23. b4 Nb6 24. Ndc5 Nc4 25. Rxc4 dxc4 26. d5 Nxc5 27. d6 b6 28. bxc5 b5 29.
Rxf7 bxa4 30. Qxa4 Qb7 31. Bxc6 Qb1+ 32. Rf1 Qb2 33. Qxa6 1-0

[Event "Masters Tournament (MTO)"]
[Site "Biel, Switzerland"]
[Date "2026.07.15"]
[Round "3.16"]
[White "Kwiatkowski, Jakub"]
[Black "Ashwath, Kaushik"]
[Result "1/2-1/2"]
[TimeControl "100+30+30sec/move"]
[WhiteTitle "-"]
[BlackTitle "-"]
[WhiteFideId "1348736"]
[BlackFideId "33387230"]
[WhiteElo "2107"]
[BlackElo "2278"]

1. e4 e6 2. Nf3 d5 3. e5 c5 4. c3 Nc6 5. d4 Bd7 6. Be2 cxd4 7. cxd4 Nge7 8. Na3 Nf5 9. Nc2 Be7 10.
O-O O-O 11. Bd3 f6 12. Bf4 g5 13. exf6 Bxf6 14. Be5 Bxe5 15. Nxe5 Nxe5 16. dxe5 Be8 17. Re1 Qb6 18. Qd2 h6 19.
Ne3 Nh4 20. Ng4 Kg7 21. Nf6 Qd4 22. Rac1 Bg6 23. Rc7+ Rf7 24.
Rc3 Qb4 25. Bxg6 Nxg6 26. a3 Qb6 27. Rf3 Raf8 28. b4 Qc7 29. Qd3 Qc4 30. Qe3 b6 31. Rc1 d4 32. Rxc4 dxe3 33. Rxe3 Kh8 34.
Rc6 Rd8 35. g3 Nxe5 36. Rxe5 Rxf6 37. Rexe6 Rf3 38. Rxh6+ Kg7 39. a4 Rd2 40. Rhd6 Rdxf2 41. Rd7+ Rf7 42. Rcc7 Rf1+ 43. Kg2 R1f2+ 44. Kh3 Rxd7 45. Rxd7+ Kf6 46. Rxa7 Rb2 47. b5 Rb4 48. Ra8 Kf5 49. g4+ Kf4 50. Rf8+ Ke4 51. Rf5 Rb3+ 52. Kg2 Rb2+ 53.
Rf2 Rb4 54. Ra2 Kf4 55. h3 Ke4 56. Re2+ Kd4 57. Kf3 Rb3+ 58. Kg2 Rb4 59. Re6 Rxa4 60. Rxb6 Ra2+ 61. Kf1 Ra1+ 62. Ke2 Ra2+ 63.
Kd1 Rh2 64. Rb8 Rxh3 65. b6 Kc5 66. b7 Kb6 67. Rg8 Kxb7 68. Rxg5 Rh2 69. Re5 Kc6 70. Ke1 Kd6 71. Re2 Rxe2+ 72. Kxe2 Ke5 73. Ke3 Kf6 74. Kf4 Kg6 75. g5 Kg7 76. Kf5 Kf7 77. g6+ Kg7 78. Kg5 Kg8 79. Kf6 Kh8 80. g7+ Kg8 81.
Kg6 1/2-1/2

[Event "Masters Tournament (MTO)"]
[Site "Biel, Switzerland"]
[Date "2026.07.15"]
[Round "3.17"]
[White "Cherniaev, Alexander"]
[Black "Papaux, Jeremie"]
[Result "1-0"]
[TimeControl "100+30+30sec/move"]
[WhiteTitle "-"]
[BlackTitle "-"]
[WhiteFideId "4117301"]
[BlackFideId "1340867"]
[WhiteElo "2275"]
[BlackElo "2102"]

1. e4 c5 2. Nc3 Nc6 3. Bb5 Nd4 4. Bc4 e6 5. Nge2 Nf6 6. O-O a6 7. a4 d5 8. exd5 exd5 9. Ba2 Bd6 10.
d3 Nc6 11. Nf4 Bxf4 12. Bxf4 h6 13. Ne2 d4 14. Bd2 Be6 15. Bxe6 fxe6 16. Nf4 Kf7 17. Nh5 Qd5 18. Ng3 e5 19.
f4 exf4 20. Rxf4 Kg6 21. Rf5 Qd6 22. Bf4 Qe7 23. Qf3 Rhf8 24. Rf1 Kh7 25. Bxh6 gxh6 26. Rxf6 Rxf6 27. Qxf6 Qxf6 28. Rxf6 Nb4 29. Rb6 Nxc2 30. Rxb7+ Kh8 31.
Ne4 Rf8 32. Nxc5 Ne3 33. h4 Rg8 34. Kf2 Rxg2+ 35. Kf3 Rg6 36. Ra7 Rb6 37. b3 Rc6 38. b4 Nc2 39. Nxa6 Re6 40. Kf4 Re3 41.
b5 Rxd3 42. b6 Rb3 43. b7 d3 44. b8=Q+ Rxb8 45. Nxb8 d2 46. Rd7 1-0

[Event "Masters Tournament (MTO)"]
[Site "Biel, Switzerland"]
[Date "2026.07.15"]
[Round "3.18"]
[White "Ragavan, Samarth Rajesh"]
[Black "Udelnov, Valentin"]
[Result "1-0"]
[TimeControl "100+30+30sec/move"]
[WhiteTitle "-"]
[BlackTitle "-"]
[WhiteFideId "39918106"]
[BlackFideId "16265734"]
[WhiteElo "2106"]
[BlackElo "2269"]

1. d4 f5 2. Bg5 Nf6 3. Bxf6 exf6 4. e3 d5 5. c4 c6 6. Nc3 Be6 7. cxd5 Bxd5 8. Nf3 Bb4 9. Bd3 Be4 10.
O-O Qe7 11. a3 Bd6 12. Bxe4 fxe4 13. Nd2 f5 14. Nc4 Nd7 15. d5 Rc8 16. f3 Nf6 17. fxe4 O-O 18. Nxd6 Qxd6 19. Rxf5 cxd5 20.
exd5 Qb6 21. Qe2 Rfe8 22. Re1 g6 23. Rf4 Re5 24. Rd4 Rce8 25. Qd2 Qd6 26. h3 Rh5 27. e4 Rf8 28. Rf1 Qg3 29.
Qf4 Rxh3 30. Qxg3 Rxg3 31. e5 Nd7 32. Rxf8+ Kxf8 33. e6 Ne5 34. Re4 Rg5 35. d6 Ke8 36. Kf1 Nc6 37. e7 Nb8 38.
Rf4 Nd7 39. Ne4 Rf5 40. Rxf5 gxf5 41. Ng3 f4 42. Nf5 Nf6 43. Ng7+ Kd7 44. Ke2 1-0

[Event "Masters Tournament (MTO)"]
[Site "Biel, Switzerland"]
[Date "2026.07.15"]
[Round "3.19"]
[White "Monteverde, Jonathan"]
[Black "Rappazzo, Johannes"]
[Result "0-1"]
[TimeControl "100+30+30sec/move"]
[WhiteTitle "-"]
[BlackTitle "-"]
[WhiteFideId "1314580"]
[BlackFideId "1340069"]
[WhiteElo "2098"]
[BlackElo "2268"]

1. d4 Nf6 2. c4 g6 3. Nc3 Bg7 4. e4 d6 5. Nf3 O-O 6. h3 e5 7. d5 a5 8. g4 Na6 9. Be3 Nd7 10.
a3 Nb6 11. Nd2 Bf6 12. Nf3 Bd7 13. Rg1 Bg7 14. Nd2 Kh8 15. g5 f5 16. f3 Nc5 17. b3 fxe4 18. fxe4 a4 19. b4 Rxf1+ 20. Nxf1 Nb3 21. Nd2 Nxd2 22. Qxd2 Nxc4 23. Qe2 b5 24. Bc1 c6 25. Be3 Rc8 26. Bf2 cxd5 27. Nxd5 Be6 28. Qd3 Qf8 29.
Rc1 Nb2 0-1

[Event "Masters Tournament (MTO)"]
[Site "Biel, Switzerland"]
[Date "2026.07.15"]
[Round "3.20"]
[White "Kukushkin, Ivan"]
[Black "Schmidt, Florian Pascal"]
[Result "1-0"]
[TimeControl "100+30+30sec/move"]
[WhiteTitle "-"]
[BlackTitle "-"]
[WhiteFideId "11634103"]
[BlackFideId "16256840"]
[WhiteElo "2257"]
[BlackElo "2095"]

1. e4 c5 2. Nf3 d6 3. Bc4 e6 4. O-O Nf6 5. Re1 Be7 6. c3 O-O 7. Bf1 Nc6 8. d4 cxd4 9. cxd4 d5 10.
e5 Ne4 11. Bd3 f5 12. exf6 Nxf6 13. Nc3 Bd7 14. Bg5 Be8 15. Ne5 Nxe5 16. dxe5 Nd7 17. Bxe7 Qxe7 18. Qg4 Nc5 19. Bc2 Qf7 20.
Qh4 Qh5 21. Qg3 Rc8 22. Bd1 Qg6 23. Bg4 Bc6 24. Qh3 Kh8 25. Rad1 Rf4 26. f3 Rb4 27. Ne2 Rxb2 28. Nf4 Qc2 29.
Rd2 1-0

[Event "Masters Tournament (MTO)"]
[Site "Biel, Switzerland"]
[Date "2026.07.15"]
[Round "3.21"]
[White "Iafelice, Vincenzo"]
[Black "Joly, Julien"]
[Result "1-0"]
[TimeControl "100+30+30sec/move"]
[WhiteTitle "-"]
[BlackTitle "-"]
[WhiteFideId "810541"]
[BlackFideId "26082284"]
[WhiteElo "2086"]
[BlackElo "2257"]

1. e4 c5 2. Nf3 Nc6 3. d4 cxd4 4. Nxd4 g6 5. c4 Bg7 6. Be3 Nf6 7. Nc3 Ng4 8. Qxg4 Nxd4 9. Qd1 Ne6 10.
Qd2 d6 11. Be2 Bd7 12. O-O a5 13.
f4 Bc6 14. Rad1 O-O 15. Nd5 Nc5 16. e5 Nd7 17. exd6 exd6 18. Bf3 Nc5 19. Bd4 Bxd5 20. Bxd5 Qb6 21. f5 Bxd4+ 22. Qxd4 Na4 23.
fxg6 hxg6 24. Rf6 Qxd4+ 25. Rxd4 Kg7 26. Rdf4 Nxb2 27. Bxf7 Kh7 28. Bxg6+ Kg7 29. Bf7 Rh8 30. Rg6+ Kf8 31.
Bd5+ Ke8 32. Rxd6 Rc8 33. Re4+ Kf8 34. Rf6+ Kg7 35. Rf7+ Kg6 36. Rxb7 Nd3 37. Re6+ Kg5 38. Rg7+ Kf5 39.
Rf7+ Kg5 40. Re3 Nb4 41. Rg3+ Kh6 42. Rf6+ Kh5 43. Bf7+ 1-0

[Event "Masters Tournament (MTO)"]
[Site "Biel, Switzerland"]
[Date "2026.07.15"]
[Round "3.22"]
[White "Dauth, Benjamin"]
[Black "Yasaswi, Krishna Bommi"]
[Result "0-1"]
[TimeControl "100+30+30sec/move"]
[WhiteTitle "-"]
[BlackTitle "-"]
[WhiteFideId "4688104"]
[BlackFideId "33368783"]
[WhiteElo "2247"]
[BlackElo "2085"]

1. e4 c5 2. c3 Nf6 3. e5 Nd5 4. Bc4 e6 5. Nf3 d6 6. O-O Be7 7. d4 cxd4 8. cxd4 O-O 9. Nc3 Nxc3 10.
bxc3 Nd7 11. exd6 Bxd6 12. Bd3 b6 13. Ng5 Nf6 14. Qf3 Rb8 15. Bd2 Bb7 16. Ne4 Nxe4 17. Bxe4 Qh4 18. Rfe1 Qxh2+ 19. Kf1 Ba6+ 20. Bd3 Bxd3+ 21. Qxd3 Qh1+ 22. Ke2 Qxg2 23. Rg1 Qd5 24. Rg5 f5 25. Qh3 Qe4+ 26. Kf1 Rb7 27. Re1 Qd5 28.
Qh6 g6 29. Ke2 Rg7 30. f4 Qxa2 31. Rg3 Qd5 32. Kf1 a5 33. Qh2 b5 34. Qe2 Re8 35. Rb1 b4 36. cxb4 axb4 37. Bxb4 Rb7 38. Qh5 Qc4+ 39. Kf2 Qc2+ 40. Ke3 Rg7 41. Bxd6 gxh5 42.
Rxg7+ Kxg7 43. Be5+ Kf7 44. Rb7+ Re7 45. Rb8 Ra7 0-1